 Dungeon Crawl Stone Soup version 0.17.1-2-g5865329 (webtiles) character file.

170 Arkorax the Skirmisher (level 5, 0/38 HPs)
             Began as an Octopode Fighter on Jan 22, 2016.
             Slain by Starbucks's ghost (4 damage)
             ... on level 3 of the Dungeon.
             The game lasted 00:03:28 (2778 turns).

Arkorax the Skirmisher (Octopode Fighter)           Turns: 2778, Time: 00:03:30

Health: 0/38       AC:  1    Str: 20    XL:     5   Next: 51%
Magic:  5/5        EV: 10    Int: 11    God:
Gold:   70         SH:  9    Dex: 12    Spells: 0 memorised, 4 levels left

rFire  . . .     SeeInvis .     a - +0 trident
rCold  . . .     Clarity  .     l - +0 shield (curse)
rNeg   . . .     SustAt   .     (helmet restricted)
rPois  .         Gourm    .     (no amulet)
rElec  .         Spirit   .     j - ring of teleportation (curse)
rCorr  .         Warding  .     (no ring)
rMut   .         Rnd*Tele +     (no ring)
MR     .....                    (no ring)
Stlth  ++........               (no ring)
                                (no ring)
                                (no ring)
                                (no ring)

@: mighty, not resistant to hostile enchantments, unstealthy
A: almost no armour, amphibious, 8 rings, constrict 8, camouflage 1, gelatinous
body 1
a: Evoke Teleportation


You were on level 3 of the Dungeon.
You were not hungry.

You visited 1 branch of the dungeon, and saw 3 of its levels.

You collected 70 gold pieces.

Inventory:

Hand Weapons
 a - a +0 trident (weapon)
 f - a +1 short sword of speed
 o - a +2 quarterstaff of chaos
Armour
 b - a +2 shield
 l - a cursed +0 shield (worn)
Jewellery
 j - a cursed ring of teleportation (left tentacle)
Scrolls
 d - a scroll of teleportation
 g - 2 scrolls of identify
 k - a scroll of recharging {unknown}
 p - a scroll of fear {unknown}
 s - a scroll of remove curse {unknown}
Potions
 e - a potion of beneficial mutation {unknown}
 h - a potion of brilliance
 i - 2 potions of invisibility {unknown}
 n - a potion of curing {unknown}
 q - a potion of flight {unknown}
 r - a potion of cancellation {unknown}
Comestibles
 m - a beef jerky


   Skills:
 * Level 4.6 Fighting
 * Level 3.7 Polearms
 - Level 3.0 Dodging
 + Level 3.5 Shields


You had 4 spell levels left.
You didn't know any spells.

Dungeon Overview and Level Annotations

Branches:
Dungeon (3/15)

Altars:

Annotations:
D:3 Starbucks's ghost, amateur FoFi


Innate Abilities, Weirdness & Mutations

You cannot wear most types of armour.
You are amphibious.
You can wear up to eight rings at the same time.
You can use your tentacles to constrict eight enemies at once.
Your skin changes colour to match your surroundings (Stealth).
Your rubbery body absorbs attacks (AC +1).


Message History

No target in view!
Drink which item? (? for menu, Esc to quit)
You feel very mighty all of a sudden.
Found a stone staircase leading down.
Starbucks's ghost turns its malevolent gaze towards you.
A giant newt and a bat come into view.
You closely miss Starbucks's ghost. You squeeze Starbucks's ghost!
Starbucks's ghost is moderately damaged.
Starbucks's ghost hits you. Starbucks's ghost freezes you.
You closely miss Starbucks's ghost. You squeeze Starbucks's ghost!
Starbucks's ghost is heavily damaged.
The bat closely misses you. Starbucks's ghost hits you.
Starbucks's ghost freezes you.
You hit Starbucks's ghost.
Starbucks's ghost is heavily damaged.
You block the bat's attack. Starbucks's ghost hits you!
Starbucks's ghost freezes you. Starbucks's ghost hits you!
* * * LOW HITPOINT WARNING * * *
Starbucks's ghost freezes you.
You die...

........#.......##+#.
........#............
........#.<..........
#####..#+##+ #..#
#..# #..#######
#!.P..P..###
#...@.......
#...#W......
###b#.......
.l..###### .....#
......# ....%..#
.....##>#


You could see Starbucks's ghost, a bat and a giant newt.

Vanquished Creatures
  Crazy Yiuf (D:2)
  Terence (D:2)
  5 adders (D:2)
  3 worms (D:2)
  An orc (D:3)
  9 bats
  4 giant cockroaches
  7 goblins
  10 hobgoblins
  11 kobolds
  2 quokkas (D:2)
  A ball python (D:1)
  A giant gecko (D:1)
  4 giant newts (D:1)
  6 rats
66 creatures vanquished.

Notes
Turn   | Place    | Note
--------------------------------------------------------------
     0 | D:1      | Arkorax the Octopode Fighter began the quest for the Orb.
     0 | D:1      | Reached XP level 1. HP: 16/16 MP: 1/1
   363 | D:1      | Reached XP level 2. HP: 21/21 MP: 2/2
   767 | D:1      | Reached XP level 3. HP: 26/26 MP: 3/3
  1450 | D:2      | Reached XP level 4. HP: 19/33 MP: 4/4
  1591 | D:2      | Reached skill level 4 in Fighting
  1751 | D:2      | Noticed Terence
  1757 | D:2      | Killed Terence
  1945 | D:2      | Reached XP level 5. HP: 36/38 MP: 5/5
  2187 | D:2      | Noticed Crazy Yiuf
  2194 | D:2      | Killed Crazy Yiuf
  2770 | D:3      | Noticed Starbucks's ghost (amateur FoFi)
  2778 | D:3      | Slain by Starbucks's ghost

Action                   |  1- 3 |  4- 6 || total
-------------------------+-------+-------++-------
Melee: Trident           |    89 |    71 ||   160
  Use: Scroll            |     4 |     2 ||     6
       Potion            |       |     1 ||     1
 Stab: Sleeping          |     7 |     6 ||    13
  Eat: Bread ration      |     1 |       ||     1
       Meat ration       |       |     1 ||     1
